AoeStats
← LedgenP

Nomad

507620526Analyzed
2v2 RM · 12d ago on Sep 19, 2026· 44m 32s· 4 players
Game mode
Random Map
Map size
176×176
Population
200
Speed
Normal
Resources
Standard
Victory
Conquest
Starting age
Dark Age
Ending age
Imperial Age
RankedLock teamsTeams togetherTeam positionsShared explorationLock speedFull tech treeHidden civsTurbo modeCheats
Victory
Defeat
🇺🇸 Portuguese · United States
931
+17
🇦🇷 Saracens · Argentina
895
+18
🇦🇷 Persians · Argentina
960
-18
🇦🇷 Vietnamese · Argentina
928
-17
gomezmolinabenjamin
11:50 Loom
17:24 Feudal Age
21:42 Castle Age
19:28 Horse Collar
19:40 Double-Bit Axe
23:07 Heavy Plow
25:16 Scale Barding Armor
25:21 Forging
25:51 Wheelbarrow
25:36 Town Watch
26:08 Bow Saw
28:39 Hand Cart
29:44 Chain Barding Armor
29:59 Iron Casting
29:25 Padded Archer Armor
29:15 Fletching
32:03 Husbandry
32:13 Bloodlines
32:49 Town Patrol
33:52 Ballistics
33:43 Stone Mining
33:43 Gold Mining
35:12 Bimaristan
35:48 Bodkin Arrow
36:08 Leather Archer Armor
40:09 Imperial Age
38:44 Masonry
38:30 Murder Holes
40:17 Bloodlines
42:09 Chemistry
40:31 Light Cavalry
40:44 Elite Mameluke
42:03 Plate Barding Armor
42:29 Blast Furnace
41:33 Bracer
44:23 Ring Archer Armor
44:31 Hussar
LedgenP
16:38 Feudal Age
25:03 Castle Age
25:13 Double-Bit Axe
33:56 Scale Barding Armor
33:54 Padded Archer Armor
33:46 Fletching
34:35 Bloodlines
33:46 Light Cavalry
36:39 Wheelbarrow
Sambuays
5:47 Loom
14:08 Feudal Age
20:27 Castle Age
22:57 Fletching
23:08 Padded Archer Armor
25:41 Double-Bit Axe
34:56 Bodkin Arrow
35:16 Leather Archer Armor
38:20 Imperial Age
37:12 Wheelbarrow
39:07 Ballistics
39:02 Capped Ram
41:19 Chemistry
Bragnar
6:24 Loom
14:32 Feudal Age
16:06 Double-Bit Axe
30:28 Castle Age
30:59 Horse Collar
31:57 Wheelbarrow
32:14 Husbandry
32:52 Bow Saw
33:11 Heavy Plow
33:44 Scale Barding Armor
33:50 Forging
36:28 Chain Barding Armor
40:10 Iron Casting
Connection lost

Rejoining the realm…

Still unreachable

The connection could not be restored.

Session expired

The server has moved on; the page needs a fresh start.